 Dungeon Crawl Stone Soup version 0.28.0-45-g0d030f2227 (webtiles) character file.

Game seed: 9103259141271243787

2893 sking99 the Grappler (level 9, -9/75 HPs)
             Began as a Green Draconian Transmuter on May 20, 2022.
             Was an Initiate of Ru.
             Engulfed by a cloud of steam (11 damage)
             ... on level 7 of the Dungeon.
             The game lasted 00:18:18 (9366 turns).

sking99 the Grappler (Green Draconian Transmuter)   Turns: 9366, Time: 00:18:19

Health: -9/75      AC:  2    Str: 16    XL:     9   Next: 48%
Magic:  9/12       EV: 24    Int: 13    God:    Ru [......]
Gold:   377        SH:  0    Dex: 24    Spells: 3/13 levels left

rFire   . . .      SeeInvis .     - Unarmed
rCold   . . .      Faith    .   (shield currently unavailable)
rNeg    . . .      Spirit   .   (armour unavailable)
rPois   x          Reflect  .   (helmet currently unavailable)
rElec   .          Harm     .   (cloak currently unavailable)
rCorr   .          Rampage  .   (gloves currently unavailable)
Will    .....                   (boots currently unavailable)
Stlth   ++........              u - amulet of magic regeneration
HPRegen 0.22/turn               k - ring of wizardry
MPRegen 0.53/turn               x - +6 ring of dexterity

@: spider-form
A: venomous fangs, (breathe noxious fumes), AC +7, tiny, unfitting armour,
(poison resistance), (cold-blooded)
a: End Transformation, Renounce Religion


You were on level 7 of the Dungeon.
You worshipped Ru.
Ru was noncommittal.
You were a venomous arachnid creature.
You visited 1 branch of the dungeon, and saw 8 of its levels.

You collected 377 gold pieces.

Inventory:

Missiles
 o - a throwing net
Armour
 n - a +1 cloak (melded)
 B - a +0 buckler
Jewellery
 j - an amulet of faith
 k - a ring of wizardry (left front leg)
 u - an amulet of magic regeneration (around neck)
 v - a ring of wizardry
 x - a +6 ring of dexterity (right front leg)
 y - a +6 ring of dexterity
Wands
 h - a wand of acid (4)
 l - a wand of polymorph (18)
 s - a wand of digging (1)
Scrolls
 b - 3 scrolls of immolation
 d - a scroll of enchant weapon
 e - 2 scrolls of teleportation
 f - 2 scrolls of magic mapping
 t - a scroll of enchant armour
Potions
 a - 2 potions of haste
 c - a potion of lignification
 g - a potion of berserk rage
 i - a potion of degeneration {unknown}
 m - a potion of ambrosia {unknown}
 p - a potion of cancellation
 q - a potion of invisibility {unknown}
 r - a potion of mutation {unknown}
 w - 2 potions of brilliance
 z - a potion of attraction {unknown}


   Skills:
 - Level 5.7 Fighting
 - Level 5.0 Dodging
 - Level 8.1 Unarmed Combat
 - Level 2.5 Spellcasting
 + Level 5.7 Transmutations
 - Level 4.1 Ice Magic
 - Level 3.6 Poison Magic


You had 3 spell levels left.
You knew the following spells:

 Your Spells              Type           Power      Damage    Failure   Level
a - Beastly Appendage     Tmut           32%        N/A       3%          1
b - Wereblood             Tmut           16%        N/A       4%          2
c - Spider Form           Tmut/Pois      13%        N/A       11%         3
d - Ice Form              Ice/Tmut       14%        N/A       26%         4

Your spell library contained the following spells:

 Spells                   Type           Power      Damage    Failure   Level
 Ensorcelled Hibernation  Hex/Ice        14%        N/A       14%         2
 Anguish                  Hex/Necr       0%         N/A       80%         4


Dungeon Overview and Level Annotations

Branches:
Dungeon (8/15)             Temple (0/1) D:7
   Lair: D:8-11

Altars:
Ru
Vehumet


Innate Abilities, Weirdness & Mutations

You are a venomous arachnid creature.
You have poisonous fangs.
You are tiny and dextrous.
Your spellcasting is less reliable in this form.
Your armour is entirely melded.
You are incapable of wielding weapons or throwing items.
((You can breathe blasts of noxious fumes.))
((Your lurid green scales are hard. (AC +7)))
You cannot fit into any form of body armour.
((Your system is resistant to poisons. (rPois)))
((You are cold-blooded and may be slowed by cold attacks.))


Message History

The steam dragon breathes steam at you. The ball of steam hits you!
You hit the steam dragon.
The steam dragon is heavily wounded.
You are engulfed in a cloud of scalding steam.
You barely miss the steam dragon. You tail-slap the steam dragon.
The steam dragon is severely wounded.
The steam dragon bites you!
* * * LOW HITPOINT WARNING * * *
The steam dragon claws you.
* * * LOW HITPOINT WARNING * * *
You punch the steam dragon!
The steam dragon is almost dead.
The steam dragon bites you but does no damage.
The steam dragon barely misses you.
You hit the steam dragon but do no damage.
You tail-slap the steam dragon, but do no damage.
The steam dragon is almost dead.
The steam dragon bites you.
* * * LOW HITPOINT WARNING * * *
The steam dragon barely misses you.
You hit the steam dragon but do no damage.
Your tail-slap misses the steam dragon.
The steam dragon is almost dead.
The steam dragon bites you.
* * * LOW HITPOINT WARNING * * *
The steam dragon barely misses you.
Casting: Spider Form (dangerous; 4% risk of failure)
Confirm with . or Enter, or press ? or * to list all spells.
You turn into a venomous arachnid creature.
Your +1 cloak melds into your body.
The steam dragon breathes steam at you. The ball of steam hits you!
* * * LOW HITPOINT WARNING * * *
Okay, then.
You hit the steam dragon.
You kill the steam dragon!
The steam dragon scales are intact enough to wear.
You are engulfed in a cloud of scalding steam.
You die...

..........##.# #.#.###
#
#######.####.###.#...##
# # ##.# #..........# #
######..####..........#
##
).........##.......>..#
#.
#.....###.##.....#...##
#.
≈≈≈≈≈≈≈≈#.##.....##.##
#.
#.....#≈#.##...[....#
#.
.......≈........s...#
#######.
.......≈..>###.####.#
#.......
...>...≈...###.# #.#
#.#####<
.......≈....##.# #.#
#.# #. .......≈..#.##.#
#.# #.# #.
#.....#≈#.#.##.# #.#
#.# #. ≈≈≈≈≈≈≈≈#.#.##.#
#.# #.# #.
#.....###...##.# #.#
#.# ## ..(.........##.#
#.# #.#


There were no monsters in sight!

Vanquished Creatures
  Pikel (D:7)
  A troll (D:7)
  A steam dragon (D:7)
  An acid dragon (D:6)
  A water moccasin (D:7)
  An orc warrior (D:7)
  An ice beast (D:7)
  A sky beast (D:7)
  A necrophage (D:2)
  A black bear (D:4)
  4 ogres
  A centaur (D:7)
  2 lemures
  3 bullfrogs
  A water moccasin skeleton (D:6)
  A wyvern skeleton (D:5)
  4 wights (D:7)
  An orc priest (D:7)
  A centaur skeleton (D:6)
  2 jellies
  A bullfrog skeleton (D:6)
  A gnoll shaman (D:5)
  Natasha (thrice) (D:2)
  2 iguanas
  4 orc wizards
  A scorpion zombie (D:5)
  A killer bee zombie (D:8)
  A hound zombie (D:5)
  3 gnolls
  7 adders
  3 white imps
  An ufetubus (D:5)
  3 dart slugs
  18 orcs
  9 bats
  3 endoplasms
  2 giant cockroaches
  6 goblins
  8 hobgoblins
  9 jackals
  3 quokkas
  6 ball pythons
  3 frilled lizards
  6 kobolds
  4 rats
138 creatures vanquished.

Notes
Turn   | Place    | Note
-------+----------+-------------------------------------------
     0 | D:1      | sking99 the Draconian Transmuter began the quest for the
                  | Orb.
     0 | D:1      | Reached XP level 1. HP: 16/16 MP: 3/3
   290 | D:1      | Reached XP level 2. HP: 20/23 MP: 5/5
   468 | D:1      | Found a faded altar of an unknown god.
   597 | D:1      | Learned a level 2 spell: Wereblood
  1208 | D:1      | Reached XP level 3. HP: 29/29 MP: 6/6
  1393 | D:2      | Learned a level 3 spell: Spider Form
  1744 | D:2      | Noticed a necrophage
  1761 | D:2      | Killed a necrophage
  1762 | D:2      | Reached XP level 4. HP: 20/36 MP: 5/7
  2123 | D:2      | Noticed Natasha
  2138 | D:2      | Killed Natasha
  2139 | D:2      | Reached XP level 5. HP: 35/41 MP: 8/8
  2331 | D:2      | Noticed Natasha
  2338 | D:2      | Killed Natasha
  2494 | D:2      | Noticed Natasha
  2526 | D:2      | Killed Natasha
  3619 | D:4      | Noticed an ogre
  3624 | D:4      | Killed an ogre
  3625 | D:4      | Reached skill level 4 in Unarmed Combat
  3625 | D:4      | Reached XP level 6. HP: 32/49 MP: 5/9
  4278 | D:4      | Reached skill level 5 in Unarmed Combat
  4278 | D:4      | Your scales start taking on a lurid green colour.
  4278 | D:4      | Reached XP level 7. HP: 46/57 MP: 7/10
  4278 | D:4      | Gained mutation: Your system is resistant to poisons.
                  | (rPois) [Green Draconian growth]
  5051 | D:5      | Entered Level 5 of the Dungeon
  6004 | D:6      | You fall into a shaft and drop 1 floor!
  6042 | D:7      | Reached skill level 6 in Unarmed Combat
  6114 | D:7      | Reached XP level 8. HP: 67/67 MP: 7/11
  6523 | D:6      | Reached skill level 7 in Unarmed Combat
  6553 | D:6      | Reached skill level 5 in Fighting
  6955 | D:6      | Found a sacrificial altar of Ru.
  6955 | D:6      | Found a radiant altar of Vehumet.
  7093 | D:6      | Became a worshipper of Ru the Awakened
  7433 | D:7      | Reached skill level 8 in Unarmed Combat
  7459 | D:7      | Reached skill level 5 in Dodging
  7463 | D:7      | Noticed Pikel
  7706 | D:6      | Learned a level 4 spell: Ice Form
  7747 | D:7      | Killed Pikel
  7748 | D:7      | Reached XP level 9. HP: 50/75 MP: 12/12
  7880 | D:7      | Found a staircase to the Ecumenical Temple.
  7905 | D:7      | Reached skill level 5 in Transmutations
  7911 | D:7      | HP: 5/112 [poisoned by a water moccasin]
  8536 | D:7      | Noticed a troll
  8548 | D:7      | Killed a troll
  9311 | D:8      | Noticed a troll
  9365 | D:7      | HP: 2/75 [steam dragon/ball of steam (9)]
  9366 | D:7      | Engulfed by a cloud of steam

Illustrated notes

Levels and vault maps discovered:
D:1:      sevenhm_arrival_forest_fort_small_5, layout_loops_ring,
          chequers_ecumenical_altar_simple, chequers_decorated_corner,
          serial_park_tiny_2, minmay_tree_intersection, minmay_misc_feat_rows,
          minivault_11, st_stairs_13
D:2:      layout_basic, nrook_campfire, uniq_natasha
D:3:      layout_loops_ring, kennysheep_small_spiral, kennysheep_nub,
          minmay_misc_feat_iff, kennysheep_generic_room_2
D:4:      kennysheep_spiral_hall, layout_basic
D:5:      layout_cave_pools, minmay_stone_trees_small
D:6:      layout_loops_ring, gammafunk_temple_overflow_pools,
          chequers_serial_rivers_room_a, kennysheep_small_circle
D:7:      layout_loops_ring, minmay_temple_entry_water_ring, uniq_pikel
D:8:      layout_loops_corners, erik_lair_island

Skill      XL: |  1  2  3  4  5  6  7  8  9 |
---------------+----------------------------+-----
Dodging        | 2 3 5 |  5.0
Transmutations | 3 4 5 |  5.7
Poison Magic   | 2 3 |  3.6
Fighting       | 2 3 4 5 |  5.7
Unarmed Combat | 4 5 6 8 |  8.1
Ice Magic      | 2 4 |  4.1
Spellcasting   | |  2.5

Action                   |  1- 3 |  4- 6 |  7- 9 || total
-------------------------+-------+-------+-------++-------
Melee: Unarmed           |   125 |   123 |   272 ||   520
       Kick              |    12 |    11 |       ||    23
       Tailslap          |    18 |     8 |    10 ||    36
       Headbutt          |     7 |     3 |       ||    10
       Punch             |     1 |     3 |     4 ||     8
 Cast: Beastly Appendage |    16 |    12 |       ||    28
       Spider Form       |       |    13 |    31 ||    44
 Abil: Breathe Noxious F |       |       |     1 ||     1
  Use: Scroll            |       |       |    13 ||    13
       Potion            |       |       |     1 ||     1
 Stab: Sleeping          |       |       |     1 ||     1
       Confused          |       |       |     2 ||     2
       Distracted        |       |       |     1 ||     1
Armor: Skin              |    42 |    19 |    32 ||    93
Dodge: Dodged            |    93 |    78 |   244 ||   415
